 Dungeon Crawl Stone Soup version 0.23-a0-182-g58cdd98 (webtiles) character file.

779 iamserjio the Grappler (level 7, 0/61 HPs)
             Began as a Green Draconian Wanderer on Sept 20, 2018.
             Was a Priest of Cheibriados.
             Slain by Menkaure (5 damage)
             ... on level 4 of the Dungeon.
             The game lasted 00:08:12 (4434 turns).

iamserjio the Grappler (Green Draconian Wanderer)   Turns: 4434, Time: 00:08:12

Health: 0/61       AC:  6    Str: 21 (22) XL:     7   Next: 54%
Magic:  8/8        EV: 11    Int: 19      God:    Cheibriados [***...]
Gold:   230        SH:  0    Dex: 16      Spells: 6/6 levels left

rFire    . . .     SeeInvis .   c - +0 quarterstaff
rCold    . . .     Gourm    .   (shield currently unavailable)
rNeg     . . .     Faith    .   (armour unavailable)
rPois    +         Spirit   .   (helmet restricted)
rElec    .         Reflect  .   (no cloak)
rCorr    .         Harm     .   (no gloves)
MR       .....                  (no boots)
Stlth    +.........             (no amulet)
HPRegen  0.20/turn              (no ring)
MPRegen  0.11/turn              (no ring)

@: very slow
A: breathe noxious fumes, unfitting armour, poison resistance, cold-blooded, AC
+6
a: Breathe Noxious Fumes, Bend Time, Temporal Distortion, Renounce Religion


You were on level 4 of the Dungeon.
You worshipped Cheibriados.
Cheibriados was most pleased with you.
You were not hungry.

You visited 1 branch of the dungeon, and saw 4 of its levels.
You also visited: Sewer.

You collected 230 gold pieces.

Inventory:

Hand Weapons
 c - a +0 quarterstaff (weapon)
 C - a +0 hunting sling
Missiles
 h - 53 stones (quivered)
 p - 65 sling bullets
Jewellery
 g - a +1 ring of protection {unknown}
 t - an uncursed ring of see invisible {unknown}
 y - an uncursed ring of poison resistance {unknown}
Wands
 a - a wand of enslavement (15)
 s - a wand of scattershot (2)
Scrolls
 b - 2 scrolls of teleportation
 e - a scroll of amnesia {unknown}
 f - 3 scrolls of remove curse {unknown}
 j - 2 scrolls of identify {unknown}
 l - a scroll of enchant weapon {unknown}
 m - a scroll of magic mapping {unknown}
 q - 2 scrolls of random uselessness {unknown}
 r - 2 scrolls of enchant armour {unknown}
 A - a scroll of fear {unknown}
Potions
 k - a potion of resistance {unknown}
 n - a potion of invisibility {unknown}
 u - a potion of agility {unknown}
 v - a potion of lignification {unknown}
 w - a potion of haste {unknown}
 x - a potion of berserk rage {unknown}
Comestibles
 d - 7 rations
 i - 8 chunks of flesh


   Skills:
 - Level 5.4 Fighting
 - Level 3.0 Staves
 * Level 8.4 Unarmed Combat
 - Level 2.0 Evocations


You had 6 spell levels left.
You didn't know any spells.
Your spell library was empty.

Dungeon Overview and Level Annotations

Branches:
Dungeon (4/15)             Temple (0/1) D:4

Altars:
Cheibriados
Dithmenos

Annotations:
D:4 Menkaure


Innate Abilities, Weirdness & Mutations

You can breathe blasts of noxious fumes.
Your lurid green scales are hard. (AC +6)
You cannot fit into any form of body armour.
Your system is resistant to poisons. (rPois)
You are cold-blooded and may be slowed by cold attacks.


Message History

Menkaure, Prince of Dust comes into view.
Things that are here:
a spear; 22 stones You barely miss Menkaure.
Menkaure hits you!
You sock Menkaure!
Menkaure gestures wildly while chanting.
Menkaure seems to speed up.
You closely miss Menkaure.
Menkaure points at you and mumbles some strange words.
You struggle to resist.
Menkaure hits you.
You barely miss Menkaure. Menkaure hits you!
You hit Menkaure. Menkaure hits you!! Menkaure hits you!
* * * LOW HITPOINT WARNING * * *
You hit Menkaure. You tail-slap Menkaure. Menkaure closely misses you.
You barely miss Menkaure. You tail-slap Menkaure.
Menkaure calls on the powers of darkness!
Your body is wracked with pain!
* * * LOW HITPOINT WARNING * * *
You closely miss Menkaure. Menkaure hits you.
You die...

### ###### ##≈≈.
#...... #≈≈≈
'...... ##≈≈
#....
#≈≈#########..#
##≈≈#..........#
#...'..........#
#...'......))..#
#...'....((.)@.#
#.≈≈#.......)M.#
##(≈≈#########..#
#..#≈≈≈..# #..#
#.##≈≈≈..'...'..#
#.###≈≈..#...####
###.# ≈≈g.####
....# ≈≈..g #####
≈≈..


You could see Menkaure.

Vanquished Creatures
  4 ogres (D:4)
  A crocodile (Sewer)
  An iguana (D:4)
  4 worker ants (D:4)
  4 gnolls
  12 adders
  2 worms
  2 dart slugs
  2 leopard geckos
  3 orcs
  2 ball pythons
  6 giant cockroaches
  5 hobgoblins
  11 jackals
  A quokka (D:3)
  14 bats
  7 frilled lizards
  11 goblins
  6 kobolds (D:1)
  6 rats
104 creatures vanquished.

Notes
Turn   | Place    | Note
-------+----------+-------------------------------------------
     0 | D:1      | iamserjio the Draconian Wanderer began the quest for the
                  | Orb.
     0 | D:1      | iamserjio set off with: a wand of enslavement (15), a
                  | scroll of teleportation, a +0 quarterstaff, a ration
     0 | D:1      | Reached XP level 1. HP: 23/23 MP: 2/2
   148 | D:1      | Reached skill level 1 in Unarmed Combat
   437 | D:1      | Reached XP level 2. HP: 29/29 MP: 3/3
   449 | D:1      | Reached skill level 2 in Unarmed Combat
  1054 | D:2      | Reached XP level 3. HP: 36/36 MP: 4/4
  1086 | D:2      | Reached skill level 3 in Unarmed Combat
  1331 | D:2      | Reached XP level 4. HP: 12/42 MP: 5/5
  1731 | D:2      | Found a snail-covered altar of Cheibriados.
  1741 | D:2      | Became a worshipper of Cheibriados the Contemplative
  2044 | D:2      | Reached skill level 4 in Unarmed Combat
  2254 | D:3      | Found a shadowy altar of Dithmenos.
  2342 | D:3      | Reached * piety under Cheibriados
  2409 | D:3      | Reached XP level 5. HP: 39/48 MP: 6/6
  2545 | D:3      | Found a glowing drain.
  2561 | Sewer    | Entered a sewer
  2585 | Sewer    | Reached ** piety under Cheibriados
  2695 | Sewer    | Noticed a crocodile
  2699 | Sewer    | Killed a crocodile
  2699 | Sewer    | Reached skill level 5 in Unarmed Combat
  3086 | D:3      | HP: 2/48 [gnoll/halberd of chopping (2)]
  3545 | D:4      | Reached XP level 6. HP: 47/56 MP: 7/7
  3557 | D:4      | Reached skill level 6 in Unarmed Combat
  3821 | D:4      | Reached skill level 7 in Unarmed Combat
  3958 | D:4      | Your scales start taking on a lurid green colour.
  3958 | D:4      | Reached XP level 7. HP: 25/61 MP: 8/8
  3958 | D:4      | Gained mutation: Your system is resistant to poisons.
                  | (rPois) [Green Draconian growth]
  4221 | D:4      | Found a staircase to the Ecumenical Temple.
  4232 | D:4      | Reached skill level 8 in Unarmed Combat
  4414 | D:4      | Reached *** piety under Cheibriados
  4424 | D:4      | Noticed Menkaure
  4434 | D:4      | Slain by Menkaure

Vault maps used:
D:1:      kilobyte_arrival_exit_the_forest, minmay_misc_feat_doors,
          roderic_roman_lattice, minmay_bisected
D:2:      kennysheep_slug_shrine, kennysheep_generic_room_12
D:3:      first_ration, cheibrodos_sewer_entry_bend, serial_corexii_hall,
          corexii_hall_statues_l, corexii_hall_statues_i,
          grunt_dithmenos_smoke_and_mirrors
D:4:      kennysheep_goblin_castle, minmay_temple_entry_butterflies,
          uniq_menkaure
Sewer:    sewer_big_baddie

Skill      XL: |  1  2  3  4  5  6  7 |
---------------+----------------------+-----
Unarmed Combat | 1 2 3 4 5 7 8 |  8.4
Fighting       | |  5.4
Staves         | |  3.0
Evocations     | |  2.0

Action                   |  1- 3 |  4- 6 |  7- 9 || total
-------------------------+-------+-------+-------++-------
Melee: Quarterstaff      |   106 |   191 |    40 ||   337
       Tailslap          |     4 |    29 |     7 ||    40
 Abil: Breathe Noxious F |       |       |     1 ||     1
Evoke: Wand              |       |     2 |       ||     2
  Use: Potion            |       |     2 |       ||     2
       Scroll            |       |     1 |       ||     1
  Eat: Chunk             |     1 |     6 |     1 ||     8
Armor: Skin              |    55 |   102 |    12 ||   169
Dodge: Dodged            |    68 |   199 |    22 ||   289

Table legend:
 A = Non-vault XP
 B = Vault XP
 C = Vault XP percentage of total XP
 D = Non-vault monster count
 E = Vault monster count
 F = Vault count percentage of total count
                 A         B        C        D         E       F
            +---------+---------+-------+---------+---------+-------
      Total |     846 |     267 |  24.0 |      83 |      21 |  20.2
            +---------+---------+-------+---------+---------+-------
        D:1 |      24 |       7 |  22.6 |      17 |       4 |  19.0
        D:2 |      87 |       6 |   6.5 |      17 |       2 |  10.5
        D:3 |     115 |       5 |   4.2 |      30 |       1 |   3.2
        D:4 |     620 |     136 |  18.0 |      19 |       8 |  29.6
      Sewer |       0 |     113 | 100.0 |       0 |       6 | 100.0
            +---------+---------+-------+---------+---------+-------
